 Dungeon Crawl Stone Soup version 0.28-a0-723-g095bd1b44f (webtiles) character file.

Game seed: 2055027709829692289

107 cheechan the Chopper (level 4, 0/40 HPs)
             Began as a Naga Gladiator on Oct 25, 2021.
             Slain by an orc priest (1 damage)
             ... on level 3 of the Dungeon.
             The game lasted 00:06:14 (1453 turns).

cheechan the Chopper (Naga Gladiator)               Turns: 1453, Time: 00:06:16

Health: 0/40       AC:  8    Str: 17    XL:     4   Next: 86%
Magic:  4/4        EV:  5    Int:  9    God:
Gold:   89         SH:  0    Dex: 12    Spells: 3/3 levels left

rFire   . . .      SeeInvis +   a - +0 war axe
rCold   . . .      Faith    .   (no shield)
rNeg    . . .      Spirit   .   k - +0 chain mail
rPois   +          Reflect  .   c - +0 helmet
rElec   .          Harm     .   (no cloak)
rCorr   .          Rampage  .   l - +1 pair of gloves
Will    .....                   (no barding)
Stlth   ..........              (no amulet)
HPRegen 0.13/turn               (no ring)
MPRegen 0.09/turn               (no ring)

@: very slow
A: AC +1, large, see invisible, deformed body, poison resistance, slowness 2,
spit poison 1, naga tail 1
a: Spit Poison


You were on level 3 of the Dungeon.
You visited 1 branch of the dungeon, and saw 3 of its levels.

You collected 89 gold pieces.

Inventory:

Hand Weapons
 a - a +0 war axe (weapon)
Missiles
 d - 3 throwing nets
 f - 24 arrows
 h - 38 stones
 j - 39 sling bullets
Armour
 b - a +0 leather armour
 c - a +0 helmet (worn)
 k - a +0 chain mail (worn)
 l - a +1 pair of gloves (worn)
Scrolls
 i - 2 scrolls of identify
 m - a scroll of silence
Potions
 e - a potion of cancellation
 g - a potion of brilliance


   Skills:
 + Level 2.7 Fighting
 + Level 4.0 Axes
 + Level 1.8 Throwing
 + Level 1.3 Armour
 + Level 3.0 Dodging
 + Level 0.2 Stealth


You had 3 spell levels left.
You didn't know any spells.
Your spell library contained the following spells:

 Spells                   Type           Power      Damage    Failure   Level
 Scorch                   Fire           0%         2d5       100%        2
 Flame Wave               Conj/Fire      0%         3d3       100%        4
 Summon Cactus Giant      Summ           0%         N/A       100%        6


Dungeon Overview and Level Annotations

Branches:
Dungeon (3/15)

Altars:


Innate Abilities, Weirdness & Mutations

Your serpentine skin is tough. (AC +1)
You have supernaturally acute eyesight. (SInv)
Armour fits poorly on your strangely shaped body.
Your system is resistant to poisons. (rPois)
You cover ground very slowly.
You can spit poison.
You have a snake-like lower body.


Message History

The orc hits you with a +0 mace.
The orc priest hits you but does no damage.
You hit the orc.
The orc is heavily wounded.
You hit the orc priest but do no damage.
The orc hits you but does no damage.
The orc priest hits you but does no damage.
The orc hits you with a +0 short sword.
You hit the orc.
The orc is severely wounded.
You slash the orc priest! You barely miss the orc.
The orc hits you but does no damage.
The orc priest hits you but does no damage.
The orc hits you but does no damage. x2
You hit the orc.
You kill the orc!
You hit the orc priest but do no damage.
You hit the orc.
The orc priest miscasts a cantrip.
The orc hits you with a +0 short sword.
The orc priest hits you with a +0 short sword.
The orc priest mumbles some strange prayers to Beogh against you.
Beogh smites you!
* * * LOW HITPOINT WARNING * * *
The orc hits you with a +0 short sword.
* * * LOW HITPOINT WARNING * * *
You hit the orc priest.
The orc priest is heavily wounded.
You hit the orc.
The orc priest hits you but does no damage.
The orc hits you with a +0 short sword.
* * * LOW HITPOINT WARNING * * *
You hit the orc priest but do no damage.
The orc priest is heavily wounded.
You hit the orc.
You kill the orc!
The orc priest hits you with a +0 short sword.
* * * LOW HITPOINT WARNING * * *
The orc priest hits you with a +0 short sword.
You die...

### .. . .. #. ..####.
.. ......##. #.....
#.<..######### #
#........... .####
#......##### ....
#.)@...# # #..
#.)o...# .
##.##..###......# ...
#...............##....
#................>.#
........).....†.####
.......<..#######
..#.##.##.# # #. ...#


You could see an orc priest.

Vanquished Creatures
  Jessica (D:2)
  3 adders
  A worm (D:2)
  3 orcs (D:3)
  A bat (D:1)
  6 endoplasms
  A giant cockroach (D:1)
  4 goblins
  6 hobgoblins
  8 jackals (D:1)
  2 kobolds (D:2)
  A quokka (D:1)
  2 ball pythons
  5 frilled lizards
  3 rats
47 creatures vanquished.

Notes
Turn   | Place    | Note
-------+----------+-------------------------------------------
     0 | D:1      | cheechan the Naga Gladiator began the quest for the Orb.
     0 | D:1      | Reached XP level 1. HP: 19/19 MP: 1/1
   134 | D:1      | Reached XP level 2. HP: 23/26 MP: 2/2
   393 | D:1      | Reached XP level 3. HP: 18/32 MP: 3/3
   700 | D:2      | Noticed Jessica
   718 | D:2      | HP: 2/48 [Jessica (1)]
   720 | D:2      | Killed Jessica
   721 | D:2      | Reached skill level 1 in Armour
   721 | D:2      | Reached XP level 4. HP: 4/40 MP: 4/4
  1075 | D:2      | Reached skill level 4 in Axes
  1142 | D:2      | Found a faded altar of an unknown god.
  1453 | D:3      | HP: 1/40 [orc priest (4)]
  1453 | D:3      | Slain by an orc priest

Illustrated notes

Levels and vault maps discovered:
D:1:      saegor_arrival_under_anarchy, layout_loops_ring,
          minmay_misc_feat_tower, minivault_23
D:2:      layout_rooms, serial_glass, glass_columns_a, glass_columns_a,
          basic_ecumenical_altar, uniq_jessica
D:3:      layout_rooms, grunt_temple_overflow_open, uniq_sigmund

Skill      XL: |  1  2  3  4 |
---------------+-------------+-----
Armour         | 1 |  1.3
Dodging        | 3 |  3.0
Axes           | 4 |  4.0
Fighting       | |  2.7
Throwing       | |  1.8
Stealth        | |  0.2

Action                   |  1- 3 |  4- 6 || total
-------------------------+-------+-------++-------
Melee: War axe           |    88 |    41 ||   129
Throw: Throwing net      |     2 |       ||     2
       Stone             |     1 |       ||     1
 Abil: Spit Poison       |    11 |     4 ||    15
  Use: Scroll            |     3 |     2 ||     5
       Potion            |     1 |       ||     1
Armor: Leather armour    |    31 |     6 ||    37
       Skin              |     4 |       ||     4
       Chain mail        |       |    27 ||    27
Dodge: Dodged            |    53 |    18 ||    71

Table legend: (Time is in decaauts)
 A = Elapsed time spent in this place.
 B = Non-inter-level travel time spent in this place.
 C = Inter-level travel time spent in this place.
 D = Time resting spent in this place.
 E = Time spent auto-exploring this place.
 F = Levels seen in this place.
 G = Mean time per level.
                   A        B        C        D        E       F      G
               +--------+--------+--------+--------+--------+-----+--------+
         Total |   1907 |   1907 |      0 |    234 |      0 |   3 |  635.7 |
       Dungeon |   1907 |   1907 |      0 |    234 |      0 |   3 |  635.7 |
               +--------+--------+--------+--------+--------+-----+--------+

Top non-repeatable levels by time:
     D:1: 942 daAuts
     D:2: 864 daAuts
     D:3: 101 daAuts
